 Dungeon Crawl Stone Soup version 0.17-a0-2055-gb4e23be (webtiles) character file.

158 tp1 the Conjurer (level 5, -1/28 HPs)
             Began as a Deep Elf Conjurer on Oct 11, 2015.
             Killed from afar by Robin (7 damage)
             ... with a wand of magic darts
             ... on level 3 of the Dungeon.
             The game lasted 00:18:03 (3258 turns).

tp1 the Conjurer (Deep Elf Conjurer)                Turns: 3258, Time: 00:18:03

Health: -1/28      AC:  3    Str:  5    XL:     5   Next: 16%
Magic:  6/15       EV: 13    Int: 21    God:
Gold:   96         SH:  0    Dex: 15    Spells: 1 memorised, 14 levels left

rFire  . . .     SeeInvis .     u - -2 quarterstaff (curse)
rCold  . . .     Clarity  .     n - +0 robe
rNeg   + . .     SustAt   .     (no shield)
rPois  .         Gourm    .     (no helmet)
rElec  .         Spirit   .     (no cloak)
rCorr  .         Warding  +     p - +0 pair of gloves (curse)
rMut   .         Stasis   .     (no boots)
MR     .....                    j - amulet of warding
Stlth  ++........               (no ring)
                                (no ring)

@: not resistant to hostile enchantments, unstealthy
A: no striking features
a: no special abilities


You were on level 3 of the Dungeon.
You were not hungry.

You visited 1 branch of the dungeon, and saw 3 of its levels.

You collected 96 gold pieces.

Inventory:

Hand Weapons
 u - a cursed -2 quarterstaff (weapon)
Armour
 a - a +0 robe
 n - a +0 robe (worn)
 p - a cursed +0 pair of gloves (worn)
Jewellery
 j - an amulet of warding (around neck)
Wands
 m - a wand of digging (17)
Scrolls
 d - a scroll of magic mapping {unknown}
 h - a scroll of recharging {unknown}
 i - a scroll of enchant weapon {unknown}
 k - 2 scrolls of remove curse {unknown}
 r - 4 scrolls of identify {unknown}
 s - a scroll of fear {unknown}
 t - a scroll of teleportation {unknown}
Potions
 e - 4 potions of degeneration {unknown}
 f - 3 potions of agility {unknown}
 g - a potion of might {unknown}
 l - a potion of cancellation {unknown}
Books
 b - a book of Conjurations

   Spells                             Type                      Level
   a - Magic Dart                     Conjuration                  1
   b - Searing Ray                    Conjuration                  2
   c - Dazzling Spray                 Conjuration/Hexes            3
   d - Fulminant Prism                Conjuration/Hexes            4
   e - Iskenderun's Mystic Blast      Conjuration                  4
   f - Iskenderun's Battlesphere      Conjuration/Charms           5
Comestibles
 c - 2 bread rations
 o - a chunk of flesh
 q - 3 beef jerkies


   Skills:
 - Level 2.5 Dodging
 - Level 2.4 Stealth
 - Level 5.6 Spellcasting
 + Level 5.7 Conjurations


You had 14 spell levels left.
You knew the following spells:

 Your Spells              Type           Power        Failure   Level  Hunger
a - Magic Dart            Conj           ####         1%          1    None


Dungeon Overview and Level Annotations

Branches:
Dungeon (3/15)

Altars:
Makhleb
Nemelex Xobeh
Yredelemnul

Annotations:
D:3 Robin


Message History

The magic dart hits Robin.
Robin is lightly wounded.
Robin zaps a wand.
The magic dart hits you!
* * * LOW HITPOINT WARNING * * *
Casting: Magic Dart
Confirm with . or Enter, or press ? or * to list all spells.
Aiming: Magic Dart
Press: ? - help, Shift-Dir - straight line, f/p - Robin
Aim: Robin, wielding a spear, wearing an animal skin, wearing a helmet and carrying a wand of magic darts {zapped: 4} (lightly wounded)
The magic dart hits Robin.
Robin is heavily wounded.
Casting: Magic Dart
Confirm with . or Enter, or press ? or * to list all spells.
Aiming: Magic Dart
Press: ? - help, Shift-Dir - straight line, f/p - Robin
Aim: Robin, wielding a spear, wearing an animal skin, wearing a helmet and carrying a wand of magic darts {zapped: 4} (heavily wounded)
The magic dart hits Robin.
Robin is severely wounded.
Robin zaps a wand.
The magic dart hits you!
You die...

#.# ##.### ... #.# #.# # ... #.#
#.# ... ##.# ##+## #.# #..#
##...## ### #.# #.### ##.....# #
##.###(# #.#.## ##.......
####..>##.#######....####........
'.........g)....@.......'........
####...##)#######..>.####........
# ##.###.# #.....## ##....... ###
#.# #.....## ##.....# #.#
#......# ##...## #.# #.....)#
##+## ..# #...>..# #.# ...
######.# #.# ## #.# #.# ##.##


You could see Robin.

Vanquished Creatures
  Jessica (D:2)
  Terence (D:2)
  4 adders (D:2)
  2 worms
  3 giant cockroaches (D:1)
  16 goblins
  10 hobgoblins
  4 jackals (D:2)
  A quokka (D:2)
  4 bats
  2 giant geckos
  4 giant newts
  7 kobolds
  4 rats
63 creatures vanquished.

Notes
Turn   | Place    | Note
--------------------------------------------------------------
     0 | D:1      | tp1 the Deep Elf Conjurer began the quest for the Orb.
     0 | D:1      | Reached XP level 1. HP: 10/10 MP: 6/6
   231 | D:1      | Reached XP level 2. HP: 15/15 MP: 0/8
   479 | D:1      | Reached skill level 5 in Conjurations
  1783 | D:2      | Reached XP level 3. HP: 19/19 MP: 6/10
  1788 | D:2      | Found a basalt altar of Yredelemnul.
  1792 | D:2      | Found a burning altar of Makhleb.
  1809 | D:2      | Noticed Terence
  1815 | D:2      | Killed Terence
  1828 | D:2      | Noticed Jessica
  2073 | D:2      | Reached skill level 5 in Spellcasting
  2178 | D:2      | Killed Jessica
  2178 | D:2      | Reached XP level 4. HP: 15/24 MP: 8/13
  2700 | D:2      | Found a basalt altar of Yredelemnul.
  2849 | D:2      | Reached XP level 5. HP: 28/28 MP: 12/15
  3045 | D:3      | Found a sparkling altar of Nemelex Xobeh.
  3193 | D:3      | Noticed Robin
  3258 | D:3      | Killed from afar by Robin

Vault maps used:
D:1:      dpeg_arrival_erosion
D:2:      nicolae_overflow_hidden_temple, first_bread, uniq_jessica,
          uniq_terence
D:3:      nemelex_deck, okawaru_trees_2, uniq_iyjb, uniq_robin

Action                   |  1- 3 |  4- 6 || total
-------------------------+-------+-------++-------
Melee: Unarmed           |     5 |     2 ||     7
 Cast: Magic Dart        |    79 |    59 ||   138
  Eat: Chunk             |     3 |     4 ||     7
